IL
TOLEDO MUD HENS @ CHARLOTTE KNIGHTS
05/14/2048
 
TOP OF THE 1ST
Toledo Mud Hens batting - Pitching for Charlotte Knights : RHP Marvin Velasco
Pitching: RHP Marvin Velasco
Batting: RHB Brandon O'Malley 0-0: Ball
1-0: Foul Ball, location: 2F
1-1: DOUBLE (Flyball, 89XD, EV 96.9 MPH)
Batting: RHB J.J. Basil 0-0: Foul Ball, location: 2F
0-1: Called Strike
0-2: Ground out 6-3 (Groundball, 6S, EV 66.9 MPH)
Brandon O'Malley to third
Batting: LHB Jon Frederick 0-0: Fly out, F7 (Flyball, 78M, EV 89.4 MPH)
Batting: RHB Joel Miller 0-0: Ball
1-0: Foul Ball, location: 2F
1-1: Called Strike
1-2: Fly out, F9 (Flyball, 89S, EV 96.2 MPH)
Top of the 1st over - 0 runs, 1 hit, 0 errors, 1 left on base; Toledo 0 - Charlotte 0
BOTTOM OF THE 1ST
Charlotte Knights batting - Pitching for Toledo Mud Hens : RHP Ruben Arana
Pitching: RHP Ruben Arana
Batting: LHB John Thurman 0-0: Ball
1-0: Ground out 1-3 (Groundball, P, EV 65.0 MPH)
Batting: LHB Carlos Ramirez 0-0: Foul Ball, location: 2F
0-1: Called Strike
0-2: Ball
1-2: Ball
2-2: Fly out, F9 (Line Drive, 9, EV 104.4 MPH)
Batting: LHB Joe Kirkland 0-0: Ball
1-0: Foul Ball, location: 2F
1-1: Ball
2-1: Ball
3-1: Base on Balls
Batting: RHB Fletcher Easter 0-0: Ball
1-0: Fly out, F7 (Flyball, 7S, EV 81.9 MPH)
Bottom of the 1st over - 0 runs, 0 hits, 0 errors, 1 left on base; Toledo 0 - Charlotte 0
TOP OF THE 2ND
Toledo Mud Hens batting - Pitching for Charlotte Knights : RHP Marvin Velasco
Batting: RHB Keith Hoffman 0-0: Swinging Strike
0-1: Ball
1-1: Ball
2-1: Foul Ball, location: 2F
2-2: Foul Ball, location: 2F
2-2: Strikes out swinging
Batting: RHB Jamie Villagrana 0-0: Swinging Strike
0-1: Ball
1-1: Fly out, F8 (Flyball, 8RD, EV 85.6 MPH)
Batting: RHB Aaron Cusick 0-0: Ground out 6-3 (Groundball, 6, EV 107.5 MPH)
Top of the 2nd over - 0 runs, 0 hits, 0 errors, 0 left on base; Toledo 0 - Charlotte 0
BOTTOM OF THE 2ND
Charlotte Knights batting - Pitching for Toledo Mud Hens : RHP Ruben Arana
Batting: SHB Matt Childers 0-0: Ball
1-0: Ball
2-0: Ball
3-0: Base on Balls
Batting: LHB Jason Bell 0-0: Ball
1-0: Swinging Strike
1-1: Called Strike
1-2: Ball
2-2: Grounds into double play, 4-6-3 (Groundball, 34, EV 89.4 MPH)
Batting: LHB Adam Tarbutton 0-0: Fly out, F7 (Flyball, 7S, EV 90.6 MPH)
Bottom of the 2nd over - 0 runs, 0 hits, 0 errors, 0 left on base; Toledo 0 - Charlotte 0
TOP OF THE 3RD
Toledo Mud Hens batting - Pitching for Charlotte Knights : RHP Marvin Velasco
Batting: SHB Scott Bartholomew 0-0: Ball
1-0: Called Strike
1-1: Ball
2-1: Swinging Strike
2-2: Ball
3-2: Ground out 4-3 (Groundball, 4, EV 86.9 MPH)
Batting: SHB Chris Wagler 0-0: Called Strike
0-1: Ball
1-1: Ground out 3-1 (Groundball, 34S, EV 87.5 MPH)
Batting: RHB Brandon O'Malley 0-0: Foul Ball, location: 2F
0-1: Swinging Strike
0-2: Ball
1-2: Strikes out looking
Top of the 3rd over - 0 runs, 0 hits, 0 errors, 0 left on base; Toledo 0 - Charlotte 0
BOTTOM OF THE 3RD
Charlotte Knights batting - Pitching for Toledo Mud Hens : RHP Ruben Arana
Batting: RHB Kikuo Sato 0-0: DOUBLE (Flyball, 89XD, EV 110.6 MPH)
Batting: RHB Steve Waltenbery 0-0: Foul Ball, location: 2F
0-1: Called Strike
0-2: DOUBLE (Line Drive, 9LM, EV 99.4 MPH)
Kikuo Sato scores
Batting: LHB John Thurman 0-0: Ball
1-0: SINGLE (Line Drive, 8RS, EV 95.0 MPH)
Steve Waltenbery to third
Batting: LHB Carlos Ramirez 0-0: Called Strike
0-1: Swinging Strike
0-2: Strikes out swinging
Batting: LHB Joe Kirkland 0-0: Called Strike
0-1: Fly out, F7 (Flyball, 7D, EV 108.1 MPH)
Runner from 3rd tags up, SCORES, no throw by LF
Batting: RHB Fletcher Easter 0-0: SINGLE (Groundball, 6D, EV 94.4 MPH)
John Thurman to second
Batting: SHB Matt Childers 0-0: Called Strike
0-1: Fly out, F8 (Flyball, 8RD, EV 100.6 MPH)
Bottom of the 3rd over - 2 runs, 4 hits, 0 errors, 2 left on base; Toledo 0 - Charlotte 2
TOP OF THE 4TH
Toledo Mud Hens batting - Pitching for Charlotte Knights : RHP Marvin Velasco
Batting: RHB J.J. Basil 0-0: Called Strike
0-1: Ball
1-1: Called Strike
1-2: Ball
2-2: Fly out, F8 (Flyball, 8LD, EV 91.2 MPH)
Batting: LHB Jon Frederick 0-0: Ball
1-0: Called Strike
1-1: Ground out 5-3 (Groundball, 6, EV 85.0 MPH)
Batting: RHB Joel Miller 0-0: Called Strike
0-1: Ball
1-1: Foul Ball, location: 2F
1-2: Ball
2-2: Fly out, F9 (Flyball, 9D, EV 89.4 MPH)
Top of the 4th over - 0 runs, 0 hits, 0 errors, 0 left on base; Toledo 0 - Charlotte 2
BOTTOM OF THE 4TH
Charlotte Knights batting - Pitching for Toledo Mud Hens : RHP Ruben Arana
Batting: LHB Jason Bell 0-0: Ground out 4-3 (Groundball, 4, EV 88.8 MPH)
Batting: LHB Adam Tarbutton 0-0: Ball
1-0: Called Strike
1-1: Swinging Strike
1-2: Strikes out swinging
Batting: RHB Kikuo Sato 0-0: Fly out, F9 (Flyball, 89S, EV 77.5 MPH)
Bottom of the 4th over - 0 runs, 0 hits, 0 errors, 0 left on base; Toledo 0 - Charlotte 2
TOP OF THE 5TH
Toledo Mud Hens batting - Pitching for Charlotte Knights : RHP Marvin Velasco
Batting: RHB Keith Hoffman 0-0: Ground out 6-3 (Groundball, 6, EV 98.8 MPH)
Batting: RHB Jamie Villagrana 0-0: Ball
1-0: Ball
2-0: Ball
3-0: Called Strike
3-1: Called Strike
3-2: Base on Balls
Batting: RHB Aaron Cusick 0-0: Grounds into double play, 5-4-3 (Groundball, 56S, EV 85.6 MPH)
Top of the 5th over - 0 runs, 0 hits, 0 errors, 0 left on base; Toledo 0 - Charlotte 2
BOTTOM OF THE 5TH
Charlotte Knights batting - Pitching for Toledo Mud Hens : RHP Ruben Arana
Batting: RHB Steve Waltenbery 0-0: Ball
1-0: Ball
2-0: Called Strike
2-1: Foul Ball, location: 2F
2-2: Foul Ball, location: 2F
2-2: SINGLE (Line Drive, 6D, EV 104.4 MPH)
Batting: LHB John Thurman 0-0: Ball
Steve Waltenbery steals 2nd base (no throw)
1-0: Fly out, F4 (Line Drive, 4, EV 63.8 MPH)
Batting: LHB Carlos Ramirez 0-0: Called Strike
0-1: Ground out 6-3 (Groundball, 6M, EV 91.2 MPH)
Steve Waltenbery to third
Batting: LHB Joe Kirkland 0-0: Ball
1-0: Called Strike
1-1: SINGLE (Line Drive, 56D, EV 103.8 MPH)
Steve Waltenbery scores
Batting: RHB Fletcher Easter 0-0: SINGLE (Line Drive, 4D, EV 100.0 MPH)
Joe Kirkland to second
Batting: SHB Matt Childers 0-0: Foul Ball, location: 2F
0-1: DOUBLE (Line Drive, 3D, EV 93.8 MPH)
Joe Kirkland scores
Fletcher Easter to third
Runner from 3rd tries for Home, SAFE, throw by RF to home
Pitching: RHP Roberto Benavides
Batting: LHB Jason Bell 0-0: Ball
1-0: Swinging Strike
1-1: Called Strike
1-2: Strikes out looking
Bottom of the 5th over - 3 runs, 4 hits, 0 errors, 1 left on base; Toledo 0 - Charlotte 5
TOP OF THE 6TH
Toledo Mud Hens batting - Pitching for Charlotte Knights : RHP Marvin Velasco
Batting: SHB Scott Bartholomew 0-0: Ball
1-0: Called Strike
1-1: Foul Ball, location: 2F
1-2: Ball
2-2: Strikes out swinging
Batting: SHB Chris Wagler 0-0: TRIPLE (Line Drive, 89XD, EV 104.4 MPH)
Batting: RHB Brandon O'Malley 0-0: Ball
1-0: Ball
2-0: Foul Ball, location: 2F
2-1: Ball
3-1: Foul Ball, location: 2F
3-2: Strikes out swinging
Batting: RHB J.J. Basil 0-0: Ball
1-0: Ground out 6-3 (Groundball, P, EV 79.4 MPH)
Top of the 6th over - 0 runs, 1 hit, 0 errors, 1 left on base; Toledo 0 - Charlotte 5
BOTTOM OF THE 6TH
Charlotte Knights batting - Pitching for Toledo Mud Hens : RHP Roberto Benavides
Batting: LHB Adam Tarbutton 0-0: Called Strike
0-1: Foul Ball, location: 2F
0-2: Strikes out looking
Batting: RHB Kikuo Sato 0-0: Fly out, F5 (Popup, 56S, EV 81.2 MPH)
Batting: RHB Steve Waltenbery 0-0: Ball
1-0: Called Strike
1-1: Foul Ball, location: 2F
1-2: Ball
2-2: Ball
3-2: Base on Balls
Batting: LHB John Thurman 0-0: Called Strike
0-1: Ball
1-1: Ball
2-1: Foul Ball, location: 2F
2-2: DOUBLE (Line Drive, 8RD, EV 96.9 MPH)
Steve Waltenbery to third
Runner from 3rd tries for Home, SAFE, no throw by CF
Batting: LHB Carlos Ramirez 0-0: Ground out 1-3 (Groundball, 15S, EV 68.1 MPH)
Bottom of the 6th over - 1 run, 1 hit, 0 errors, 1 left on base; Toledo 0 - Charlotte 6
TOP OF THE 7TH
Toledo Mud Hens batting - Pitching for Charlotte Knights : RHP Marvin Velasco
Batting: LHB Jon Frederick 0-0: Ball
1-0: Called Strike
1-1: Ball
2-1: Fly out, F8 (Flyball, 8LD, EV 100.6 MPH)
Batting: RHB Joel Miller 0-0: Ball
1-0: Foul Ball, location: 2F
1-1: Ball
2-1: SOLO HOME RUN (Flyball, 7LD, EV 91.2 MPH), Distance : 340 ft
Batting: RHB Keith Hoffman 0-0: Ground out 5-3 (Groundball, 25, EV 76.2 MPH)
Batting: RHB Jamie Villagrana 0-0: Foul Ball, location: 2F
0-1: Ball
1-1: DOUBLE (Groundball, 5L, EV 104.4 MPH)
Batting: RHB Aaron Cusick 0-0: Ball
1-0: Ball
2-0: Ball
3-0: Called Strike
3-1: Called Strike
3-2: Base on Balls
Batting: SHB Scott Bartholomew 0-0: Ball
1-0: Swinging Strike
1-1: Ball
2-1: Foul Ball, location: 2F
2-2: Foul Ball, location: 2F
2-2: Foul Ball, location: 2F
2-2: Foul Ball, location: 2F
2-2: Foul Ball, location: 2F
2-2: Strikes out swinging
Top of the 7th over - 1 run, 2 hits, 0 errors, 2 left on base; Toledo 1 - Charlotte 6
BOTTOM OF THE 7TH
Charlotte Knights batting - Pitching for Toledo Mud Hens : RHP Roberto Benavides
Batting: LHB Joe Kirkland 0-0: Foul Ball, location: 2F
0-1: Foul Ball, location: 2F
0-2: Ground out 4-3 (Groundball, 34, EV 81.2 MPH)
Batting: RHB Fletcher Easter 0-0: Foul Ball, location: 2F
0-1: Foul Ball, location: 2F
0-2: Strikes out swinging
Batting: SHB Matt Childers 0-0: Fly out, F8 (Flyball, 8LXD, EV 103.1 MPH)
Bottom of the 7th over - 0 runs, 0 hits, 0 errors, 0 left on base; Toledo 1 - Charlotte 6
TOP OF THE 8TH
Toledo Mud Hens batting - Pitching for Charlotte Knights : RHP Marvin Velasco
Pitching: RHP Freddy Barahona
Batting: SHB Chris Wagler 0-0: Ball
1-0: Ground out 6-3 (Groundball, 6M, EV 101.2 MPH)
Batting: RHB Brandon O'Malley 0-0: Fly out, F6 (Line Drive, 6, EV 63.8 MPH)
Batting: RHB J.J. Basil 0-0: Swinging Strike
0-1: Ball
1-1: Ball
2-1: Called Strike
2-2: Strikes out looking
Top of the 8th over - 0 runs, 0 hits, 0 errors, 0 left on base; Toledo 1 - Charlotte 6
BOTTOM OF THE 8TH
Charlotte Knights batting - Pitching for Toledo Mud Hens : RHP Roberto Benavides
Batting: LHB Jason Bell 0-0: Called Strike
0-1: Foul Ball, location: 2F
0-2: Ball
1-2: Ball
2-2: Fly out, F8 (Flyball, 8LXD, EV 106.2 MPH)
Batting: LHB Adam Tarbutton 0-0: Called Strike
0-1: Foul Ball, location: 2F
0-2: Foul Ball, location: 2F
0-2: DOUBLE (Line Drive, 78D, EV 111.2 MPH)
Pitching: RHP Jason Mucci
Batting: RHB Kikuo Sato 0-0: Ball
1-0: Called Strike
1-1: Foul Ball, location: 2F
1-2: Ball
2-2: Strikes out swinging
Batting: RHB Steve Waltenbery 0-0: SINGLE (Line Drive, 4D, EV 96.2 MPH)
Adam Tarbutton to third
Runner from 3rd tries for Home, SAFE, throw by CF to home
Batting: LHB John Thurman 0-0: Ground out 6-3 (Groundball, 4, EV 101.2 MPH)
Bottom of the 8th over - 1 run, 2 hits, 0 errors, 1 left on base; Toledo 1 - Charlotte 7
TOP OF THE 9TH
Toledo Mud Hens batting - Pitching for Charlotte Knights : RHP Freddy Barahona
Batting: LHB Jon Frederick 0-0: Called Strike
0-1: Ball
1-1: SINGLE (Line Drive, 5L, EV 67.5 MPH) (infield hit)
Batting: RHB Joel Miller 0-0: Fly out, F9 (Flyball, 89M, EV 88.8 MPH)
Batting: RHB Keith Hoffman 0-0: Ball
1-0: Called Strike
1-1: Called Strike
1-2: SINGLE (Flyball, 89S, EV 90.6 MPH)
Jon Frederick to second
Batting: RHB Jamie Villagrana 0-0: Ball
1-0: Called Strike
1-1: Foul Ball, location: 2F
1-2: SINGLE (Groundball, 4MD, EV 103.8 MPH)
Jon Frederick to third
Keith Hoffman to second
Batting: RHB Aaron Cusick 0-0: Foul Ball, location: 2F
0-1: Ball
1-1: Ball
2-1: SINGLE (Line Drive, 78S, EV 96.9 MPH)
Jon Frederick scores
Keith Hoffman to third
Jamie Villagrana to second
Batting: SHB Scott Bartholomew 0-0: TRIPLE (Flyball, 78XD, EV 97.5 MPH)
Keith Hoffman scores
Jamie Villagrana scores
Aaron Cusick scores
Pitching: LHP Steven Wolf
Now at 1B: Ron Johansen
Batting: SHB Chris Wagler 0-0: Foul Ball, location: 2F
0-1: Ball
1-1: Ball
2-1: TRIPLE (Line Drive, 78XD, EV 96.2 MPH)
Scott Bartholomew scores
Batting: RHB Brandon O'Malley 0-0: Swinging Strike
0-1: Ball
1-1: Called Strike
1-2: Ball
2-2: Foul Ball, location: 2F
2-2: Strikes out swinging
Batting: RHB J.J. Basil 0-0: Foul Ball, location: 2F
0-1: Swinging Strike
0-2: Ball
1-2: Ball
2-2: Strikes out swinging
Top of the 9th over - 5 runs, 6 hits, 0 errors, 1 left on base; Toledo 6 - Charlotte 7
Tuesday, March 28th , 2023 - OOTP Baseball 23.10 Build 110